 Dungeon Crawl Stone Soup version 0.30-a0-626-gd6a5dd7a1f (webtiles) character file.

Game seed: 10185764524838970467

4146 funkygono the Arsonist (level 10, -13/59 HPs)
             Began as a Gargoyle Fire Elementalist on Jan 11, 2023.
             Killed by the air
             ... invoked by Gastronok
              (24 damage)
             ... on level 7 of the Dungeon.
             The game lasted 00:12:30 (9725 turns).

funkygono the Arsonist (Gargoyle Fire Elementalist) Turns: 9725, Time: 00:12:31

Health: -13/59     AC: 19    Str: 12    XL:     10   Next: 27%
Magic:  12/22      EV: 18    Int: 20    God:
Gold:   352        SH:  0    Dex: 10    Spells: 15/25 levels left

rFire   . . .      SeeInvis .    e - +2 whip (venom)
rCold   . . .      Faith    .    (no shield)
rNeg    + . .      Spirit   .    a - +0 robe
rPois   ∞          Reflect  .    b - +2 helmet
rElec   +          Harm     .    u - +2 cloak
rCorr   .          Rampage  .    (no gloves)
Will    +....                    n - +2 pair of boots
Stlth   ++                       (no amulet)
HPRegen 0.29/turn                v - ring of willpower
MPRegen 0.18/turn                x - +5 ring of evasion

@: slowed, very slow
A: sickness immunity, AC +7, negative energy resistance 1, electricity
resistance, torment resistance 1, petrification resistance
a: no special abilities


You were on level 7 of the Dungeon.
You visited 2 branches of the dungeon, and saw 9 of its levels.
You also visited: Sewer.

You collected 352 gold pieces.

Inventory:

Hand Weapons
 e - a +2 whip of venom (weapon)
 h - a +0 whip
 t - a +4 quarterstaff of chaos
Armour
 a - a +0 robe (worn)
 b - a +2 helmet (worn)
 g - a +0 leather armour
 n - a +2 pair of boots (worn)
 u - a +2 cloak (worn)
Jewellery
 f - a ring of positive energy
 v - a ring of willpower (left hand)
 x - a +5 ring of evasion (right hand)
 y - a ring of protection from fire
Wands
 o - a wand of flame (19)
 r - a wand of charming (5)
 s - a wand of roots (9) (quivered)
Scrolls
 c - 2 scrolls of poison
 i - a scroll of teleportation
 l - a scroll of blinking
 q - a scroll of magic mapping
 w - a scroll of enchant armour
Potions
 d - a potion of resistance
 j - a potion of berserk rage {unknown}
 k - 4 potions of mutation
 m - 4 potions of curing
 p - 3 potions of might


   Skills:
 + Level 5.4 Fighting
 + Level 5.3 Maces & Flails
 + Level 4.7 Armour
 + Level 4.5 Dodging
 - Level 2.1 Stealth
 + Level 8.0 Spellcasting
 + Level 6.8 Conjurations
 + Level 8.9 Fire Magic


You had 15 spell levels left.
You knew the following spells:

 Your Spells              Type           Power      Damage    Failure   Level
a - Foxfire               Conj/Fire      100%       2x1d9     1%          1
b - Scorch                Fire           88%        2d9       1%          2
c - Kindle Blastsparks    Fire/Tloc/Air  40%        2d13      8%          3
d - Flame Wave            Conj/Fire      39%        2d11      3%          4

Your spell library contained the following spells:

 Spells                   Type           Power      Damage    Failure   Level
 Momentum Strike          Conj/Tloc      42%        3d9       3%          2
 Sticky Flame             Conj/Fire      39%        2d6       3%          4
 Inner Flame              Hex/Fire       26%        N/A       4%          3
 Dazzling Flash           Conj/Hex       42%        N/A       6%          3
 Ignite Poison            Fire/Tmut/Pois 20%        N/A       8%          3
 Beastly Appendage        Tmut           16%        N/A       9%          1
 Summon Small Mammal      Summ           32%        N/A       9%          1
 Blink                    Tloc           16%        N/A       13%         2
 Wereblood                Tmut           8%         N/A       13%         2
 Iskenderun's Mystic Bla  Conj/Tloc      21%        2d6       21%         4
 Call Canine Familiar     Summ           8%         N/A       26%         3
 Gell's Gravitas          Tloc           8%         N/A       26%         3
 Lesser Beckoning         Tloc           16%        N/A       26%         3
 Spider Form              Tmut/Pois      8%         N/A       26%         3
 Summon Guardian Golem    Hex/Summ       8%         N/A       26%         3
 Teleport Other           Tloc           8%         N/A       26%         3
 Starburst                Conj/Fire      19%        6d7       45%         6
 Freezing Cloud           Conj/Ice/Air   8%         6-21      67%         5
 Yara's Violent Unravell  Hex/Tmut       4%         3d4       93%         5
 Dispersal                Tloc           4%         N/A       100%        6
 Enfeeble                 Hex            4%         N/A       100%        7
 Ignition                 Fire           22%        3d8       100%        8


Dungeon Overview and Level Annotations

Branches:
Dungeon (8/15)             Temple (1/1) D:6           Sewer (visited)
   Lair: D:8-11

Altars:
Ashenzari
Cheibriados
Dithmenos
Elyvilon
Fedhas
Gozag
Hepliaklqana
Kikubaaqudgha
Makhleb
Nemelex Xobeh
Okawaru
Qazlal
Ru
Sif Muna
Trog
Uskayaw
Wu Jian
Xom
Yredelemnul

Annotations:
D:7 1 runed translucent door, Gastronok; Torious's ghost, novice DECj


Innate Abilities, Weirdness & Mutations

You are immune to sickness and miasma.
Your stone body is resilient. (AC +7)
You are immune to poison.
You resist negative energy. (rN+)
You are resistant to electric shocks. (rElec)
You are resistant to unholy torment.
You are immune to petrification.


Message History

Your foxfire dissipates!
The foxfire hits Gastronok.
Gastronok is moderately wounded.
Gastronok waves his eye-stalks in wide circles.
The air twists around and strikes you!!
* * * LOW HITPOINT WARNING * * *
Casting: Foxfire (safe; 1% risk of failure)
Confirm with . or Enter, or press ? or * to list all spells.
You conjure some foxfire!
The foxfire hits Gastronok.
Gastronok is moderately wounded.
The foxfire hits Gastronok.
Gastronok is moderately wounded.
Casting: Foxfire (safe; 1% risk of failure)
Confirm with . or Enter, or press ? or * to list all spells.
You conjure some foxfire!
The foxfire hits Gastronok but does no damage.
Gastronok is moderately wounded.
The foxfire hits Gastronok.
Gastronok is moderately wounded.
Unknown command.
Casting: Foxfire (safe; 1% risk of failure)
Confirm with . or Enter, or press ? or * to list all spells.
You conjure some foxfire!
The foxfire hits Gastronok!
Gastronok is moderately wounded.
The foxfire hits Gastronok.
Gastronok is moderately wounded.
Unknown command.
The foxfire hits Gastronok.
Gastronok is moderately wounded.
The foxfire hits Gastronok.
Gastronok is heavily wounded.
Gastronok wobbles crazily.
Gastronok gurgles.
Things that are here:
2 boomerangs; a +0 short sword
Things that are here:
a +0 leather armour; a +0 falchion Gastronok waves his eye-stalks in wide circles.
The air twists around and strikes you!!
You die...

......#.## #.# ######'#
...#.###########.############ #..
..########[..##.......##..).###.8
.####........##.#######.####..#)8
##..............# #####.# #.['[.
##.######.####### #...#.# ######
...# #....######...#.####....#
.### #.##..)[<##...##....####. ##
#.####..@[(...##########.
#......###....##..##..##.
######## ##...##..##..##.
#########.####..##..#
#.>........w##..##..#
#.........#..########
##....................
#...).........).......
##................#####


You could see Gastronok (swift).

Vanquished Creatures
  A hornet (D:7)
  A troll (D:7)
  2 orc warriors (D:7)
  An ice beast (D:7)
  An ogre (D:4)
  3 phantoms
  A kobold brigand (D:6)
  3 bullfrogs
  A necrophage (D:4)
  6 scorpions
  6 wights
  10 killer bees
  4 jellies
  Crazy Yiuf (D:3)
  4 hounds
  4 orc priests
  Jessica (D:3)
  An iguana (D:5)
  An orc wizard (D:5)
  8 adders
  A river rat (D:5)
  3 shadow imps
  A white imp (D:6)
  2 ufetubi
  A worm (D:3)
  3 dart slugs
  14 orcs
  4 endoplasms
  5 giant cockroaches
  5 goblins
  2 hobgoblins
  13 kobolds
  3 quokkas
  14 ball pythons
  4 bats
  5 frilled lizards (Sewer)
  19 rats
  A spectral kobold (D:1)
160 creatures vanquished.

Vanquished Creatures (collateral kills)
  A foxfire (D:6)
1 creature vanquished.

Vanquished Creatures (others)
  344 foxfires
  2 fungi (D:3)
  14 plants (D:6)
360 creatures vanquished.

Grand Total: 521 creatures vanquished

Notes
Turn   | Place    | Note
-------+----------+-------------------------------------------
     0 | D:1      | funkygono the Gargoyle Fire Elementalist began the quest
                  | for the Orb.
     0 | D:1      | Reached XP level 1. HP: 10/10 MP: 3/3
   208 | D:1      | Reached XP level 2. HP: 15/15 MP: 3/5
   211 | D:1      | Learned a level 2 spell: Scorch
   469 | D:1      | Found a faded altar of an unknown god.
   830 | D:1      | Reached XP level 3. HP: 19/19 MP: 4/6
   834 | D:1      | Learned a level 3 spell: Kindle Blastsparks
  1843 | D:2      | You fall into a shaft and drop 2 floors!
  2617 | D:3      | Noticed Jessica
  2624 | D:3      | Killed Jessica
  2625 | D:3      | Reached XP level 4. HP: 24/24 MP: 1/7
  2800 | D:3      | Found an ancient bone altar of Kikubaaqudgha.
  3367 | D:3      | Found a runed translucent door.
  3368 | D:3      | Noticed Crazy Yiuf
  3375 | D:3      | Killed Crazy Yiuf
  3727 | D:4      | Reached XP level 5. HP: 28/28 MP: 6/9
  3783 | D:4      | Noticed a phantom
  3790 | D:4      | Killed a phantom
  3791 | D:4      | Reached skill level 1 in Maces & Flails
  3864 | D:4      | Reached XP level 6. HP: 33/33 MP: 4/10
  4048 | D:4      | Reached skill level 1 in Fighting
  4048 | D:4      | Reached skill level 5 in Fire Magic
  4324 | D:4      | Reached XP level 7. HP: 38/38 MP: 6/13
  4499 | D:4      | Found an iron altar of Okawaru.
  4499 | D:4      | Found a stormy altar of Qazlal.
  4944 | D:5      | Entered Level 5 of the Dungeon
  5009 | D:5      | Found a glowing drain.
  5045 | Sewer    | Entered a sewer
  5646 | D:4      | Learned a level 4 spell: Flame Wave
  5816 | D:5      | Reached XP level 8. HP: 43/43 MP: 8/15
  5894 | D:5      | Reached skill level 5 in Spellcasting
  6726 | D:5      | Reached skill level 5 in Fighting
  6726 | D:5      | Reached skill level 5 in Maces & Flails
  6726 | D:5      | Reached XP level 9. HP: 54/54 MP: 16/19
  7197 | D:6      | Found a basalt altar of Yredelemnul.
  7706 | D:6      | Found a staircase to the Ecumenical Temple.
  7737 | Temple   | Entered the Ecumenical Temple
  8621 | D:7      | Reached XP level 10. HP: 59/59 MP: 11/21
  9066 | D:7      | Found a runed translucent door.
  9069 | D:7      | Noticed Torious's ghost (novice DECj)
  9659 | D:8      | Noticed Gastronok
  9725 | D:7      | Killed from afar by Gastronok

Illustrated notes

Levels and vault maps discovered:
D:1:      lemuel_arrival_tunnels, layout_loops_ring,
          dreamdust_ecumenical_altar_drowned_temple
D:2:      layout_loops_cross, serial_co_window_serial, co_window_paths_a,
          co_window_paths_a, co_window_corner_a, co_window_paths_b,
          co_window_paths_a, co_window_of_opportunity_b, co_window_cross_2,
          co_window_2corner, co_window_paths_c, co_window_corner_b,
          glass_columns_a, glass_columns_a, glass_columns_b, glass_columns_b,
          glass_columns_b
D:3:      layout_basic, mainiacjoe_overflow_brackets, uniq_jessica,
          uniq_crazy_yiuf_cottage
D:4:      layout_loops_ring, gammafunk_temple_overflow_elements
D:5:      layout_loops_corners, portal_sewer_entry_b
D:6:      layout_loops_corners, mainiacjoe_overflow_tiny_flanked,
          minmay_temple_entry_overgrown, serial_bayou, serial_bayou_lake_a,
          serial_bayou_shore_b, serial_bayou_ford_a, serial_bayou_pond_d,
          serial_bayou_pond_d
D:7:      minmay_chambers_of_fours, layout_basic, ebering_ghost_reflecting_pool,
          nicolae_figureground_pulse
D:8:      layout_basic, vehumet_crystals, serial_shops, nicolae_shop_trees,
          minivault_21, grunt_decor_mini_mirrors, uniq_amaemon, uniq_gastronok
Temple:   regret_index_temple_generic_petals

Skill      XL: |  1  2  3  4  5  6  7  8  9 10 |
---------------+-------------------------------+-----
Conjurations   | 2 3 6 |  6.8
Fire Magic     | 4 5 7 8 |  8.9
Maces & Flails | 1 2 5 |  5.3
Spellcasting   | 3 4 6 7 8 |  8.0
Dodging        | 2 4 |  4.5
Fighting       | 1 5 |  5.4
Armour         | 4 |  4.7
Stealth        | |  2.1

Action                   |  1- 3 |  4- 6 |  7- 9 | 10-12 || total
-------------------------+-------+-------+-------+-------++-------
Melee: Unarmed           |     1 |       |       |       ||     1
       Whip              |    10 |    18 |    31 |    16 ||    75
       Punch             |       |       |       |     1 ||     1
 Cast: Foxfire           |    57 |    19 |   100 |    43 ||   219
       Scorch            |     3 |    13 |    40 |     4 ||    60
       Flame Wave        |       |       |     6 |     1 ||     7
       Kindle Blastspark |       |       |       |     5 ||     5
  Use: Scroll            |       |     8 |     7 |     2 ||    17
       Potion            |       |       |     2 |       ||     2
 Stab: Sleeping          |       |       |     1 |       ||     1
Armor: Robe              |     2 |     6 |    39 |     6 ||    53
Dodge: Dodged            |     6 |     9 |    77 |    28 ||   120

Table legend: (Time is in decaauts)
 A = Elapsed time spent in this place.
 B = Non-inter-level travel time spent in this place.
 C = Inter-level travel time spent in this place.
 D = Time resting spent in this place.
 E = Time spent auto-exploring this place.
 F = Levels seen in this place.
 G = Mean time per level.
                   A        B        C        D        E       F      G
               +--------+--------+--------+--------+--------+-----+--------+
         Total |   9849 |   9415 |    434 |    258 |   7987 |  10 |  984.9 |
       Dungeon |   9244 |   8824 |    420 |    258 |   7508 |   8 | 1155.5 |
        Temple |    182 |    168 |     14 |      0 |    159 |   1 |  182.0 |
         Sewer |    422 |    422 |      0 |      0 |    320 |   1 |  422.0 |
               +--------+--------+--------+--------+--------+-----+--------+

Top non-repeatable levels by time:
     D:3: 1442 daAuts
     D:5: 1421 daAuts
     D:4: 1372 daAuts
     D:7: 1355 daAuts
     D:6: 1341 daAuts
     D:1: 1171 daAuts
     D:2: 1074 daAuts
   Sewer: 422 daAuts
  Temple: 182 daAuts
     D:8: 64 daAuts
